 Dungeon Crawl Stone Soup version 0.31.0-11-ge490571c62 (webtiles) character file.

Game seed: 14380416852521748646

8775 CougarLife the Summoner (level 11, -13/56 HPs)
             Began as a Felid Summoner on Feb 4, 2024.
             Was a Priest of Kikubaaqudgha.
             Engulfed by a cloud of flame (17 damage)
             ... on level 1 of the Lair of Beasts.
             The game lasted 00:48:13 (14155 turns).

CougarLife the Summoner (Felid Summoner)           Turns: 14155, Time: 00:48:14

Health: -13/56     AC:  2    Str:  4    XL:     11   Next: 14%
Magic:  12/23      EV: 24    Int: 23    God:    Kikubaaqudgha [***...]
Gold:   426        SH:  5    Dex: 23    Spells: 11/25 levels left
                                        Lives:  0   Deaths: 4

rFire   . . .        (weapon unavailable)
rCold   . . .        (shield unavailable)
rNeg    . . .        (body armour unavailable)
rPois   .            (helmet unavailable)
rElec   .            (cloak unavailable)
rCorr   .            (gloves unavailable)
SInv    +            (boots unavailable)
Will    ++...        x - amulet of reflection
Stlth   ++++         g - ring of willpower
HPRegen 0.29/turn    l - +6 ring of dexterity
MPRegen 0.18/turn

%: reflection
@: no status effects
A: very small, claws 1, fangs 3, see invisible, shaggy fur 2, stealthy paws, no
weapons or thrown items, no armour, multi-lived
a: Renounce Religion, Unearth Wretches


You were on level 1 of the Lair of Beasts.
You worshipped Kikubaaqudgha.
Kikubaaqudgha was most pleased with you.
You visited 2 branches of the dungeon, and saw 10 of its levels.
You also visited: Bailey.

You collected 496 gold pieces.
You spent 70 gold pieces at shops.

Inventory:

Jewellery
 b - the ring of Guup {Wiz rPois rN+ Str-5}
   (You acquired it on level 3 of the Dungeon)

   [ring of wizardry]

   Wiz:       It improves your spell success rate.
   Str-5:     It affects your strength (-5).
   rPois:     It protects you from poison rN+: It protects you from negative
   energy.
 g - a ring of willpower (left paw)
 l - a +6 ring of dexterity (right paw)
 x - an amulet of reflection (around neck)
Wands
 n - a wand of digging (4)
Scrolls
 h - 3 scrolls of vulnerability
 i - 3 scrolls of immolation
 o - 2 scrolls of noise
 p - 2 scrolls of fear {unknown}
 r - 3 scrolls of poison
 u - 2 scrolls of fog
 y - a scroll of amnesia {unknown}
 z - 2 scrolls of silence {unknown}
Potions
 c - 3 potions of enlightenment
 e - a potion of cancellation {unknown}
 f - a potion of curing {unknown}
 j - 3 potions of lignification
 k - 2 potions of heal wounds
 m - a potion of haste {unknown}
 q - a potion of might {unknown}
 v - a potion of brilliance {unknown}
 w - a potion of attraction {unknown}


   Skills:
 + Level 5.4 Fighting
 + Level 7.7 Dodging
 + Level 8.4 Stealth
 + Level 7.5 Spellcasting
 + Level 8.9 Summonings
 - Level 5.0 Fire Magic
 - Level 5.0 Air Magic
 - Level 5.0 Evocations


You had 11 spell levels left.
You knew the following spells:

 Your Spells              Type           Power      Damage    Failure   Level
a - Summon Small Mammal   Summ           100%       N/A       1%          1
b - Call Imp              Summ           98%        N/A       1%          2
c - Call Canine Familiar  Summ           49%        N/A       1%          3
d - Summon Blazeheart Go  Fire/Summ      40%        N/A       4%          4
e - Summon Lightning Spi  Summ/Air       40%        N/A       4%          4

Your spell library contained the following spells:

 Spells                   Type           Power      Damage    Failure   Level
 Cigotuvi's Dreadful Rot  Necr/Alch/Air  32%        N/A       5%          2
 Apportation              Tloc           16%        N/A       8%          1
 Kiss of Death            Conj/Necr      32%        2d7       8%          1
 Necrotise                Necr           32%        1d5       8%          1
 Sandblast                Erth           16%        2d6       8%          1
 Sting                    Conj/Alch      32%        1d5       8%          1
 Volatile Blastmotes      Fire/Tloc      40%        2d13      8%          3
 Airstrike                Air            15%        2d(3-19)  10%         4
 Jinxbite                 Hex            16%        N/A       11%         2
 Sublimation of Blood     Necr           8%         N/A       11%         2
 Martyr's Knell           Necr/Summ      29%        N/A       12%         4
 Fugue of the Fallen      Necr           8%         N/A       22%         3
 Passwall                 Erth           8%         N/A       22%         3
 Sigil of Binding         Hex            8%         N/A       22%         3
 Stone Arrow              Conj/Erth      16%        3d8       22%         3
 Anguish                  Hex/Necr       4%         N/A       58%         4
 Brom's Barrelling Bould  Conj/Erth      8%         2d3       58%         4
 Dispel Undead            Necr           8%         3d8       58%         4
 Fulminant Prism          Conj/Alch      4%         3d5       58%         4
 Iskenderun's Mystic Bla  Conj/Tloc      8%         2d4       58%         4
 Passage of Golubria      Tloc           8%         N/A       58%         4
 Silence                  Hex/Air        10%        N/A       58%         5
 Borgnjor's Vile Clutch   Necr/Erth      4%         N/A       90%         5
 Yara's Violent Unravell  Hex/Alch       4%         3d4       90%         5
 Conjure Ball Lightning   Conj/Air       10%        3x3d6     99%         6
 Enfeeble                 Hex            4%         N/A       100%        7
 Lehudib's Crystal Spear  Conj/Erth      4%         10d3      100%        8
 Death's Door             Necr           4%         N/A       100%        9


Dungeon Overview and Level Annotations

Branches:
Dungeon (9/15)             Temple (0/1) D:7            Lair (1/5) D:9
 Bailey (visited)
    Orc: D:9-12

Altars:
Elyvilon
Gozag
Kikubaaqudgha
Qazlal
Vehumet
Xom
The Shining One

Shops:
D:1 :   D:2 *   D:3 !

Annotations:
Lair:1 Erica


Innate Abilities, Weirdness & Mutations

You have sharp claws.
You have razor-sharp teeth.
You have supernaturally acute eyesight. (SInv)
You are covered in thick fur. (AC +2)
Your paws help you pounce on unaware monsters.
You are incapable of wielding weapons or throwing items.
You cannot wear armour.
You gain extra lives every three experience levels.


Message History

The water moccasin bites your lightning spire but does no damage.
Casting: Summon Lightning Spire (dangerous; 4% risk of failure)
Confirm with . or Enter, or press ? or * to list all spells.
Your canine familiar is too injured to answer your call.
Casting: Call Canine Familiar (safe; 1% risk of failure)
Confirm with . or Enter, or press ? or * to list all spells.
A fiery spirit appears, bound in slag iron.
The water moccasin bites your lightning spire but does no damage. x2
The yak gores your blazeheart golem!
The water moccasin bites your lightning spire but does no damage.
The yak gores your blazeheart golem.
Your blazeheart golem closely misses the yak.
The water moccasin bites your lightning spire but does no damage.
The yak gores your blazeheart golem but does no damage.
The water moccasin bites your lightning spire.
The water moccasin bites your lightning spire but does no damage.
The yak gores your blazeheart golem but does no damage.
Your blazeheart golem punches the yak!!
Your lightning spire shoots out a bolt of lightning at the water moccasin!
The bolt of electricity hits the water moccasin!
The water moccasin bites your lightning spire but does no damage.
The yak gores your blazeheart golem.
Your lightning spire shoots out a bolt of lightning at the water moccasin!
The bolt of electricity hits the water moccasin!!
The water moccasin dies!
Kikubaaqudgha accepts your kill. The yak gores your blazeheart golem.
Your blazeheart golem punches the yak.
The yak gores your blazeheart golem but does no damage.
Your familiar recovers from its injuries.
The yak gores your blazeheart golem.
Your blazeheart golem falls apart, revealing its core!
Your blazeheart core explodes!
The fiery explosion engulfs you!!
The fiery explosion engulfs the yak!
You kill the yak!
Kikubaaqudgha accepts your kill.
You are engulfed in blazing flames.
* * * LOW HITPOINT WARNING * * *
You are engulfed in blazing flames.
You die...
Kikubaaqudgha rasps: "You have failed me!
Welcome... death!"

... P... ..# #..# ##..
#..# #.# #####... ...
#### #......#
..####.#Y.#.#
#..#......YYY
...#########Y##.#.######
.....†8@☼○YYYY....# #
....#########.#Y#.# .
#####.# ..P #... #.##.
.F. .. .# ##


You could see 5 yaks and a friendly lightning spire (summoned).

Vanquished Creatures
  2 two-headed ogres (D:9)
  A hornet (D:7)
  Eustachio (D:5)
  A yak (Lair:1)
  A centaur (D:5)
  A bullfrog (D:9)
  A killer bee (D:8)
  2 electric eels (D:9)
  3 orcs (Bailey)
13 creatures vanquished.

Vanquished Creatures (collateral kills)
  Maggie (D:9)
  2 trolls (D:9)
  Grinder (D:5)
  Sigmund (D:6)
  7 yaks
  A steam dragon (D:7)
  2 wyverns
  3 water moccasins
  9 orc warriors
  An ice beast (D:6)
  A sky beast (D:6)
  2 ogres
  4 wolves
  2 centaurs
  2 phantoms
  5 kobold brigands
  A bullfrog (D:8)
  A gnoll sergeant (D:8)
  4 wights (D:9)
  11 killer bees
  7 howler monkeys
  2 bombardier beetles
  A jelly (D:7)
  8 hounds
  An orc priest (D:8)
  A sleepcap (D:6)
  An iguana (D:6)
  Ijyb (D:3)
  8 orc wizards
  4 adders
  3 gnolls (D:8)
  A white imp (D:6)
  2 dart slugs
  24 orcs
  6 bats
  6 endoplasms
  4 giant cockroaches
  10 hobgoblins
  3 quokkas
  6 ball pythons
  2 frilled lizards (D:1)
  7 goblins
  30 kobolds
  6 rats
205 creatures vanquished.

Vanquished Creatures (others)
  A killer bee (D:7)
  A hobgoblin (D:3)
  3 blazeheart cores
5 creatures vanquished.

Grand Total: 223 creatures vanquished

Notes
Turn   | Place    | Note
-------+----------+-------------------------------------------
     0 | D:1      | CougarLife the Felid Summoner began the quest for the Orb.
     0 | D:1      | Reached XP level 1. HP: 9/9 MP: 4/4
   163 | D:1      | Found Kuemeylo's Book Boutique.
   239 | D:1      | Reached XP level 2. HP: 7/13 MP: 3/6
   265 | D:1      | Learned a level 2 spell: Call Imp
  1094 | D:2      | Reached XP level 3. HP: 16/16 MP: 2/8
  1098 | D:2      | Learned a level 3 spell: Call Canine Familiar
  1653 | D:2      | Found Xeakefur's Assorted Antiques.
  2063 | D:3      | Found a white marble altar of Elyvilon.
  2108 | D:3      | Noticed Ijyb
  2110 | D:3      | Found a shimmering altar of Xom.
  2130 | D:3      | Killed Ijyb
  2131 | D:3      | Reached skill level 5 in Summonings
  2131 | D:3      | Reached XP level 4. HP: 20/21 MP: 3/9
  2131 | D:3      | Gained a life (2 lives remaining)
  2177 | D:3      | Identified a scroll of acquirement
  2180 | D:3      | Acquired the ring of Guup {Wiz rPois rN+ Str-5}
  2300 | D:3      | Found a shimmering altar of Xom.
  2300 | D:3      | Found a shimmering altar of Xom.
  2303 | D:3      | Found a shimmering altar of Xom.
  2304 | D:3      | Found a shimmering altar of Xom.
  2304 | D:3      | Found a shimmering altar of Xom.
  2483 | D:3      | You fall into a shaft and drop 2 floors!
  2483 | D:5      | Entered Level 5 of the Dungeon
  2571 | D:4      | Noticed an ogre
  2788 | D:3      | Found Qaxuole's Distillery.
  2791 | D:3      | Bought a potion of heal wounds for 70 gold pieces
  3022 | D:4      | Killed an ogre
  3023 | D:4      | Reached XP level 5. HP: 24/24 MP: 3/12
  3092 | D:4      | Learned a level 4 spell: Summon Blazeheart Golem
  3203 | D:4      | Found an ancient bone altar of Kikubaaqudgha.
  3236 | D:4      | Became a worshipper of Kikubaaqudgha
  3504 | D:4      | Noticed a phantom
  3519 | D:4      | Killed a phantom
  3520 | D:4      | Reached skill level 1 in Fire Magic
  3520 | D:4      | Reached skill level 1 in Evocations
  3520 | D:4      | Gained mutation: You are covered in thick fur. (AC +2)
                  | [Felid growth]
  3520 | D:4      | Reached XP level 6. HP: 28/28 MP: 8/13
  3843 | D:4      | Found a radiant altar of Vehumet.
  3992 | D:5      | Noticed Eustachio
  4103 | D:5      | Noticed Grinder
  4295 | D:5      | Paralysed by Grinder for 4 turns
  4299 | D:5      | Killed Grinder
  4351 | D:5      | Learned a level 4 spell: Summon Lightning Spire
  4471 | D:5      | Reached XP level 7. HP: 28/32 MP: 9/14
  5106 | D:5      | Killed Eustachio
  5448 | D:6      | Reached skill level 5 in Spellcasting
  5549 | D:6      | Reached XP level 8. HP: 36/36 MP: 13/16
  5591 | D:6      | Reached * piety under Kikubaaqudgha
  5591 | D:6      | Received a gift from Kikubaaqudgha
  5749 | D:6      | Got Sif Muna's Parchment of Malignant Secrets and the Band
  5759 | D:6      | Noticed Sigmund
  5810 | D:6      | Killed Sigmund
  6274 | D:6      | Reached skill level 1 in Air Magic
  6634 | D:7      | Reached skill level 1 in Fighting
  6634 | D:7      | Reached skill level 5 in Fire Magic
  6716 | D:7      | Found a staircase to the Ecumenical Temple.
  6778 | D:7      | Slain by a wyvern
  6778 | D:7      | Lost a life (1 life remaining)
  6971 | D:7      | Noticed a hornet
  6985 | D:7      | Killed a hornet
  7158 | D:7      | Reached XP level 9. HP: 41/41 MP: 11/18
  7158 | D:7      | Gained a life (2 lives remaining)
  7315 | D:7      | Got Sif Muna's Incunabulum of the Feathery Curse
  7352 | D:7      | HP: 1/41 [poisoned by a killer bee]
  7353 | D:7      | Succumbed to a killer bee's poison
  7353 | D:7      | Lost a life (1 life remaining)
  8650 | D:8      | Found a stormy altar of Qazlal.
  8693 | D:8      | Reached skill level 5 in Evocations
  8745 | D:8      | Reached skill level 5 in Stealth
  8971 | D:8      | Reached ** piety under Kikubaaqudgha
  9169 | D:8      | Reached skill level 5 in Dodging
  9804 | D:9      | Found a flagged portal.
  9813 | Bailey   | Entered a bailey
 10092 | Bailey   | Reached XP level 10. HP: 49/49 MP: 16/20
 10092 | Bailey   | Gained a life (2 lives remaining)
 10950 | Bailey   | Identified the +2 triple crossbow of Ryxamp {flame, rElec
                  | Int+4}
 10958 | Bailey   | Noticed an orc knight
 11373 | D:9      | Mangled by a troll
 11373 | D:9      | Lost a life (1 life remaining)
 11377 | D:9      | Found a glowing golden altar of the Shining One.
 11664 | D:9      | Reached skill level 5 in Air Magic
 12209 | D:9      | Noticed Maggie
 12219 | D:9      | Killed Maggie
 12588 | D:9      | Noticed a two-headed ogre
 12596 | D:9      | Noticed a two-headed ogre
 13006 | D:9      | Reached *** piety under Kikubaaqudgha
 13006 | D:9      | Received a gift from Kikubaaqudgha
 13106 | D:9      | Killed a two-headed ogre
 13107 | D:9      | Reached skill level 5 in Fighting
 13346 | D:9      | Found a staircase to the Lair.
 13519 | D:9      | Found an opulent altar of Gozag.
 13552 | D:9      | Killed a two-headed ogre
 13553 | D:9      | Reached XP level 11. HP: 56/56 MP: 13/23
 14034 | Lair:1   | Entered Level 1 of the Lair of Beasts
 14076 | Lair:1   | Noticed Erica
 14098 | Lair:1   | Killed from afar by Erica
 14098 | Lair:1   | Lost a life (0 lives remaining)
 14155 | Lair:1   | Engulfed by a cloud of flame

Illustrated notes

Levels and vault maps discovered:
D:1:      lightli_arrival_statue_moat, layout_basic, serial_rivers,
          chequers_serial_rivers_micro_a, chequers_serial_rivers_room_b,
          chequers_serial_rivers_small_a, chequers_serial_rivers_micro_d,
          chequers_serial_rivers_room_a, serial_shops, shop, minmay_tetromino_t2
D:2:      layout_loops_ring, serial_shops, shop, hex_tiny, nicolae_titane
D:3:      layout_basic, elyvilon_altar_4, xom_redecorated, serial_shops,
          nicolae_shop_real_fake_doors, uniq_ijyb
D:4:      minmay_evil_eye, layout_basic, fiery_altar_vehumet,
          mainiacjoe_overflow_boulevard
D:5:      layout_loops_cross, uniq_grinder, uniq_eustachio
D:6:      layout_loops_ring, uniq_sigmund
D:7:      layout_basic, minmay_temple_entry_large_hall
D:8:      layout_basic, grunt_qazlal_sundering, serial_rivers,
          chequers_serial_rivers_micro_a, chequers_serial_rivers_room_b,
          chequers_serial_rivers_micro_e, chequers_serial_rivers_room_b,
          minmay_puff
D:9:      layout_roguey, lemuel_doored_altar, lemuel_crystal_altar,
          erik_lair_island, enter_bailey_8, hex_medium, grunt_ministairs_8,
          serial_library_hellmonk_room_a, uniq_maggie
Lair:1:   layout_loops_ring, uniq_erica

Skill      XL: |  1  2  3  4  5  6  7  8  9 10 |
---------------+-------------------------------+-----
Spellcasting   | 3 4 5 6 7 |  7.5
Summonings     | 5 6 7 8 |  8.9
Fire Magic     | 1 2 4 5 |  5.0
Evocations     | 1 2 3 4 5 |  5.0
Dodging        | 3 5 7 |  7.7
Stealth        | 3 5 8 |  8.4
Air Magic      | 2 4 5 |  5.0
Fighting       | 1 3 5 |  5.4

Action                     |  1- 3 |  4- 6 |  7- 9 | 10-12 || total
---------------------------+-------+-------+-------+-------++-------
  Melee: Unarmed           |     6 |       |     1 |     6 ||    13
         Bite              |     1 |       |       |       ||     1
   Cast: Summon Small Mamm |    23 |       |       |     1 ||    24
         Call Imp          |    14 |    11 |    13 |     5 ||    43
         Call Canine Famil |     9 |    18 |    52 |    40 ||   119
         Summon Blazeheart |       |       |    27 |    34 ||    61
         Summon Lightning  |       |       |    16 |    32 ||    48
  Evoke: Wand              |       |     1 |     5 |    15 ||    21
    Use: Scroll            |       |     8 |     1 |     5 ||    14
         Potion            |       |       |     1 |     1 ||     2
 Armour: Skin              |    19 |     5 |    52 |    43 ||   119
  Dodge: Dodged            |    39 |    15 |   119 |   124 ||   297
  Block: Other             |       |       |    16 |    33 ||    49
         Reflection        |       |       |     8 |     6 ||    14
